Map: Simulacrum LE

Players

Dear - Winner!

  • Race: Protoss Protoss
  • Spawn Location: 11:00

SpeCial

  • Race: Terran Terran
  • Spawn Location: 5:00

Event: IEM Katowice 2020

VOD

Have the link to the VOD?

Description

Time

  • Played on: Feb. 27, 2020, 8:01 a.m.
  • Length: 9:51

All games in this series

Show
View Real Time Build Order
Export as new Build Order

Dear Protoss - Winner!

Build Orders: 1 Gate Expand, Blink Stalkers 

Get SALT Encoding   

  12  0:00  Probe  
  13  0:12  Probe  
  14  0:17  Pylon  
  14  0:24  Probe (Chrono Boost)  
  15  0:36  Gateway  
  15  0:37  Probe (Chrono Boost)  
  16  0:44  Probe (Chrono Boost)  
  16  0:45  Assimilator  
  17  0:51  Probe  
  18  1:03  Probe  
  19  1:15  Probe  
  20  1:23  Cybernetics Core  
  20  1:32  Nexus  
  20  1:38  Pylon  
  20  1:41  Probe  
  20  1:47  Assimilator  
  21  1:53  Probe  
  22  1:56  Stalker (Chrono Boost)  
  22  2:01  Warp Gate  
  24  2:05  Probe  
  25  2:17  Probe  
  25  2:18  Stalker (Chrono Boost)  
  28  2:29  Probe  
  29  2:36  Shield Battery  
  29  2:39  Stalker (Chrono Boost)  
  29  2:44  Probe (Chrono Boost)  
  33  2:48  Probe (Chrono Boost)  
  33  2:51  Twilight Council  
  32  2:54  Probe (Chrono Boost)  
  32  2:58  Probe (Chrono Boost)  
  34  3:00  Probe  
  35  3:08  Probe  
  35  3:10  Stalker  
  35  3:12  Probe  
  39  3:21  Blink (Chrono Boost)  
  39  3:23  Probe  
  39  3:24  Probe  
  39  3:25  Gateway  
  41  3:35  Probe  
  41  3:36  Probe  
  43  3:45  Pylon  
  43  3:47  Probe  
  44  3:49  Probe  
  44  3:53  Robotics Facility  
  45  4:01  Probe  
  46  4:03  Probe  
  46  4:04  Sentry  
  49  4:10  Nexus  
  49  4:18  Phoenix  
  49  4:19  Probe  
  49  4:20  Probe, Stalker  
  49  4:21  Pylon  
  52  4:32  Probe  
  52  4:33  Probe  
  52  4:35  Assimilator  
  52  4:38  Assimilator  
  54  4:42  Observer  
  54  4:45  Probe x2  
  57  4:46  Pylon  
  57  4:51  Stalker x2  
  61  4:57  Probe  
  62  5:02  Pylon  
  62  5:04  Probe, Observer  
  64  5:10  Probe (Chrono Boost), Forge  
  64  5:13  Forge  
  65  5:16  Probe (Chrono Boost)  
  67  5:22  Probe (Chrono Boost)  
  67  5:24  Probe (Chrono Boost)  
  67  5:26  Probe (Chrono Boost)  
  69  5:30  Probe (Chrono Boost), Assimilator  
  69  5:31  Probe (Chrono Boost)  
  69  5:33  Probe (Chrono Boost), Assimilator  
  72  5:36  Probe x2 (Chrono Boost), Observer  
  72  5:41  Templar Archives  
  72  5:42  Probe  
  76  5:43  Stalker  
  76  5:48  Probe  
  76  5:49  Stalker  
  78  5:51  Probe  
  78  5:54  Probe  
  80  5:59  Psionic Storm  
  80  6:00  Probe  
  80  6:03  Probe  
  80  6:06  Probe  
  80  6:11  Protoss Ground Armor Level 1 (Chrono Boost), Protoss Ground Weapons Level 1 (Chrono Boost)  
  77  6:12  Probe  
  77  6:15  Probe  
  77  6:19  Probe  
  77  6:24  Probe  
  77  6:25  Stalker x2  
  83  6:27  Probe, Pylon  
  83  6:31  Probe, Charge (Chrono Boost)  
  85  6:35  Gateway  
  85  6:36  Probe  
  85  6:37  Gateway  
  86  6:40  Gateway  
  86  6:43  Gateway  
  86  6:48  Gateway  
  86  6:51  Gateway, High Templar x2  
  90  6:56  Warp Prism  
  91  7:01  Pylon  
  91  7:09  Gateway  
  91  7:10  Gateway  
  91  7:16  Nexus  
  91  7:24  High Templar x2  
  91  7:27  Pylon  
  91  7:28  Probe x3  
  97  7:31  Pylon, High Templar  
  97  7:32  High Templar  
  97  7:33  Photon Cannon  
  101  7:38  Stalker x2  
  105  7:45  Stalker x2  
  105  7:47  Probe x2  
  105  7:50  Pylon  
  111  8:02  Zealot x3  
  111  8:05  Zealot x4  
  111  8:29  Stalker x7  
  125  8:34  Zealot x2  
  125  8:38  High Templar  
  131  8:51  Robotics Bay  
  131  8:52  Zealot  
  131  8:53  Zealot x5  
  143  8:59  Pylon x2  
  143  9:03  Zealot x2  
  145  9:19  High Templar x2  
  145  9:20  Zealot x2, High Templar x2  
  145  9:21  Zealot x2  
  145  9:23  Pylon  
  161  9:25  Pylon, Archon x2, Zealot  
  138  9:46  Zealot  
  138  9:47  Zealot x5  
Show
View Real Time Build Order
Export as new Build Order

SpeCial Terran 

Build Orders:  

Get SALT Encoding   

  12  0:00  SCV  
  13  0:13  SCV  
  14  0:17  Supply Depot  
  14  0:25  SCV  
  15  0:39  SCV  
  15  0:42  Barracks  
  16  0:44  Refinery  
  16  0:51  SCV  
  16  0:53  Refinery  
  17  1:03  SCV  
  18  1:15  SCV  
  19  1:29  Reaper, Orbital Command  
  20  1:36  Supply Depot  
  20  1:41  Factory  
  20  1:55  SCV  
  21  2:04  Barracks Reactor  
  21  2:07  SCV  
  22  2:19  SCV  
  23  2:23  Command Center  
  23  2:33  SCV, Starport  
  24  2:39  Widow Mine  
  24  2:42  Marine x2  
  28  2:46  SCV  
  29  2:52  Supply Depot  
  29  2:58  SCV  
  29  3:05  Marine  
  31  3:14  SCV, Marine, Widow Mine  
  31  3:17  Medivac  
  37  3:24  Marine  
  37  3:26  SCV  
  38  3:31  Marine  
  39  3:41  SCV  
  39  3:42  Marine  
  39  3:46  Bunker  
  39  3:47  Orbital Command  
  41  3:49  Marine  
  41  3:53  Factory Tech Lab  
  41  3:54  Starport Tech Lab  
  42  3:56  SCV  
  42  4:01  Marine  
  44  4:07  Marine  
  44  4:08  SCV  
  46  4:13  SCV  
  47  4:18  Raven  
  47  4:20  SCV  
  50  4:25  SCV  
  51  4:32  SCV  
  51  4:37  SCV, Command Center  
  50  4:42  Supply Depot  
  50  4:44  SCV, Siege Tank  
  54  4:54  Supply Depot  
  54  5:03  SCV x2, Marine x2, Barracks  
  58  5:08  Supply Depot  
  58  5:15  SCV x2  
  58  5:16  Siege Tank  
  58  5:18  Barracks  
  58  5:21  Marine x2  
  63  5:28  SCV x2  
  67  5:36  Barracks  
  67  5:39  Marine x2  
  67  5:40  SCV x2  
  67  5:42  Starport Reactor, Engineering Bay  
  71  5:44  Barracks  
  71  5:52  SCV  
  71  5:54  Orbital Command  
  71  5:57  Marine x2  
  71  6:01  Stimpack, Marauder  
  71  6:02  SCV  
  65  6:14  Marine x2  
  65  6:20  Terran Infantry Weapons Level 1  
  65  6:21  SCV x3, Refinery  
  65  6:22  Marine  
  65  6:23  Refinery  
  67  6:27  Barracks Tech Lab  
  67  6:28  Marauder  
  67  6:32  Factory Reactor, Marine x2  
  69  6:33  Medivac x2  
  69  6:35  SCV x3  
  76  6:43  Supply Depot, Marauder  
  78  6:48  Orbital Command  
  78  6:49  SCV x2  
  78  6:50  Marauder, Marine x2  
  78  6:52  Marauder  
  86  7:01  SCV x2  
  86  7:02  Missile Turret  
  86  7:04  Supply Depot, Marauder  
  86  7:07  Combat Shield  
  86  7:08  Marine x2  
  92  7:13  SCV x2  
  92  7:14  SCV  
  95  7:16  Barracks Reactor, Marauder x2  
  95  7:18  Widow Mine  
  95  7:22  Supply Depot  
  101  7:23  Widow Mine  
  101  7:25  SCV  
  101  7:26  Marine x2  
  101  7:29  SCV x2  
  108  7:33  Missile Turret  
  108  7:34  Marauder  
  110  7:37  Marauder  
  110  7:39  Widow Mine  
  110  7:40  Medivac  
  110  7:42  SCV  
  110  7:43  Marine x2  
  110  7:44  SCV, Medivac, Widow Mine  
  122  7:46  Supply Depot  
  122  7:50  SCV  
  125  7:51  Armory  
  125  7:55  Engineering Bay, Refinery  
  125  7:57  Refinery  
  125  8:06  Marine  
  125  8:07  SCV, Marine  
  127  8:13  Marine x2  
  122  8:24  Marine  
  122  8:25  SCV x3, Marine  
  122  8:26  Ghost Academy  
  119  8:29  Marine x2  
  119  8:30  Command Center, Marine  
  119  8:32  Widow Mine x2, Liberator x2  
  132  8:41  Supply Depot  
  132  8:42  Supply Depot  
  130  8:51  Marine x3  
  133  8:57  Supply Depot x2  
  133  8:58  Marine  
  133  9:01  Widow Mine x2, Sensor Tower  
  138  9:04  Supply Depot  
  140  9:15  Marine  
  135  9:18  Marine  
  135  9:22  Widow Mine x2  
  140  9:29  Marine  
  141  9:33  Unknown  
  132  9:42  Unknown  
  132  9:43  Unknown  

Tags
 
Add a new tag
Caveats
  • Supply blocks, unpowered buildings, or Contaminate may cause inaccurate times.
  • Supply counts are checked every 10 seconds.